 Dungeon Crawl Stone Soup version 0.23.2 (webtiles) character file.

Game seed: 13259412498479965240

681 Kairos the Skirmisher (level 7, 6/59 HPs)
             Began as a Formicid Abyssal Knight on Apr 9, 2019.
             Was a Believer of Lugonu.
             Quit the game on level 4 of the Dungeon.
             The game lasted 00:05:50 (3288 turns).

Kairos the Skirmisher (Formicid Abyssal Knight)     Turns: 3288, Time: 00:05:51

Health: 6/59       AC:  5    Str: 18    XL:     7   Next: 92%
Magic:  9/9        EV: 11    Int: 12    God:    Lugonu [**....]
Gold:   168        SH:  0    Dex: 10    Spells: 6/6 levels left

rFire    + . .     SeeInvis +   l - +0 spear
rCold    + . .     Gourm    .   (no shield)
rNeg     . . .     Faith    .   f - +0 ring mail (curse)
rPois    .         Spirit   .   (helmet unavailable)
rElec    .         Reflect  .   o - scarf {rC+ rF+}
rCorr    .         Harm     .   (no gloves)
MR       .....                  (no boots)
Stlth    ..........             (no amulet)
HPRegen  0.19/turn              (no ring)
MPRegen  0.11/turn              (no ring)

@: lethally poisoned (6 -> -6)
A: permanent stasis, dig shafts and tunnels, four strong arms, antennae 3
a: Dig, Shaft Self, Depart the Abyss, Bend Space, Renounce Religion


You were on level 4 of the Dungeon.
You worshipped Lugonu.
Lugonu was pleased with you.
You were near starving.

You visited 1 branch of the dungeon, and saw 4 of its levels.
You visited the Abyss 1 time.

You collected 168 gold pieces.

Inventory:

Hand Weapons
 a - a +1 hand axe
 l - a +0 spear (weapon)
Armour
 f - a cursed +0 ring mail (worn)
 n - a +0 chain mail
 o - a scarf of resistance (worn)
Wands
 e - a wand of iceblast (5)
 m - a wand of polymorph (4)
Scrolls
 b - a scroll of enchant weapon {unknown}
 i - 3 scrolls of identify
 k - 2 scrolls of amnesia
 q - a scroll of magic mapping {unknown}
 s - a scroll of enchant armour {unknown}
Potions
 d - 2 potions of curing
 g - 4 potions of haste
 h - 2 potions of flight {unknown}
 j - 3 potions of might
 r - a potion of heal wounds
Comestibles
 c - 10 rations


   Skills:
 + Level 6.8 Fighting
 - Level 4.0(4.2) Axes
 * Level 1.5(3.0) Polearms
 + Level 3.9 Armour
 + Level 1.5 Dodging
 + Level 0.1 Stealth
 + Level 3.4 Invocations
 + Level 1.0 Evocations


You had 6 spell levels left.
You didn't know any spells.
Your spell library was empty.

Dungeon Overview and Level Annotations

Branches:
Dungeon (4/15)
 Temple: D:4-7

Altars:
Cheibriados
Gozag
Sif Muna


Innate Abilities, Weirdness & Mutations

You cannot be hasted, slowed, berserked, paralysed or teleported.
You can dig through walls and to a lower floor.
Your four strong arms can wield two-handed weapons with a shield.
You have a pair of large antennae on your head. (SInv)


Message History

* * * LOW HITPOINT WARNING * * *
You are more poisoned.
The killer bee poisons you! The killer bee stings you.
* * * LOW HITPOINT WARNING * * *
You are more poisoned.
The killer bee poisons you! The killer bee barely misses you.
The killer bee closely misses you.
Unknown command.
* * * LOW HITPOINT WARNING * * *
You feel sick. The killer bee barely misses you.
The killer bee stings you but does no damage.
Unknown command.
* * * LOW HITPOINT WARNING * * *
You feel sick. The killer bee misses you.
Unknown command.
Unknown command.
Unknown command.
Unknown command.
Unknown command.
Are you sure you want to abandon this character and quit the game? (Confirm with "yes".)

#.#..##...# #.###..#.......
#...###.#.# ####.###..#.#####>
##.####.#.###.........#.#8_8#.
#.# #..................#...#.
#####.###..#.###.##.###.##.#...#.
.................##y.......##.##.
#####.....#.......yy.............
......###....y.y..##.........#
.#####.#..###@y##............#
#.#.# #..##.##.........# ###.#
#................# #.#
#..##.......#....#
#.##.................#
#.>....#####.####....# ########
#.# ##...# #.# ##### #.#


You could see 6 killer bees.

Vanquished Creatures
  A deep elf mage (Abyss:2)
  A hound (D:2)
  Jessica (D:2)
  Terence (D:3)
  2 worker ants (D:4)
  A worker ant zombie (D:2)
  5 adders
  2 oozes
  A worm (D:4)
  A dart slug (D:2)
  5 leopard geckos
  An orc (D:3)
  A giant cockroach (D:2)
  7 goblins
  8 hobgoblins
  10 jackals
  5 kobolds
  A ball python (D:2)
  8 bats
  4 frilled lizards
  8 rats
74 creatures vanquished.

Notes
Turn   | Place    | Note
-------+----------+-------------------------------------------
     0 | Abyss:1  | Kairos the Formicid Abyssal Knight began the quest for the
                  | Orb.
     0 | Abyss:1  | Reached XP level 1. HP: 18/18 MP: 2/2
    52 | Abyss:2  | Noticed a small abomination
    83 | Abyss:2  | Noticed a deep elf mage
    95 | Abyss:2  | Noticed a worldbinder
    97 | Abyss:2  | Killed a deep elf mage
    97 | Abyss:2  | Reached skill level 6 in Fighting
    97 | Abyss:2  | Reached skill level 1 in Dodging
    97 | Abyss:2  | Reached XP level 2. HP: 29/29 MP: 2/4
    97 | Abyss:2  | Reached XP level 3. HP: 35/35 MP: 2/5
    97 | Abyss:2  | Reached XP level 4. HP: 41/41 MP: 2/6
    97 | Abyss:2  | Reached XP level 5. HP: 47/47 MP: 2/7
    97 | Abyss:2  | Reached XP level 6. HP: 53/53 MP: 2/8
    97 | Abyss:2  | Reached XP level 7. HP: 59/59 MP: 2/9
    98 | Abyss:2  | Noticed a warg
    98 | D:1      | Escaped the Abyss
   176 | D:1      | Reached skill level 1 in Evocations
   231 | D:1      | Reached * piety under Lugonu
   912 | D:2      | Found a deep blue altar of Sif Muna.
   978 | D:2      | Noticed Jessica
  1292 | D:2      | Killed Jessica
  1704 | D:2      | Found a snail-covered altar of Cheibriados.
  1855 | D:2      | Reached ** piety under Lugonu
  2272 | D:3      | Noticed Terence
  2296 | D:3      | Killed Terence
  2524 | D:3      | Reached skill level 1 in Polearms
  3230 | D:4      | Found an opulent altar of Gozag.
  3288 | D:4      | Quit the game

Skill      XL: |  1  2  3  4  5  6  7 |
---------------+----------------------+-----
Fighting       | 6 |  6.8
Axes           | 3 4 |  4.0
Armour         | 3 |  3.9
Dodging        | 1 |  1.5
Invocations    | 3 |  3.4
Evocations     | 1 |  1.0
Polearms       | 1 |  1.5
Stealth        | |  0.1

Action                   |  1- 3 |  4- 6 |  7- 9 || total
-------------------------+-------+-------+-------++-------
Melee: Hand axe          |       |       |   193 ||   193
       Spear             |       |       |   146 ||   146
Invok: Depart the Abyss  |       |       |     1 ||     1
Evoke: Wand              |     3 |       |     3 ||     6
  Use: Scroll            |       |       |     5 ||     5
       Potion            |       |       |     4 ||     4
  Eat: Chunk             |       |       |     6 ||     6
Armor: Leather armour    |     1 |       |    42 ||    43
       Chain mail        |       |       |    61 ||    61
       Ring mail         |       |       |    28 ||    28
Dodge: Dodged            |     2 |       |   194 ||   196
